 Dungeon Crawl Stone Soup version 0.31-a0-931-g7b59d4eb97 (webtiles) character file.

Game seed: 17526801935599997115

228 mortress the Ruffian (level 5, -4/66 HPs)
             Began as a Draconian Shapeshifter on Oct 19, 2023.
             Slain by Grinder (7 damage)
             ... on level 3 of the Dungeon.
             The game lasted 00:08:49 (2631 turns).

mortress the Ruffian (Draconian Shapeshifter)       Turns: 2631, Time: 00:08:51

Health: -4/66      AC:  5    Str: 19    XL:     5   Next: 70%
Magic:  5/5        EV: 12    Int: 10    God:
Gold:   125        SH:  0    Dex: 10    Spells: 4/4 levels left

rFire   . .          .
                       - Unarmed
rCold   . . .        (no shield)
rNeg    . . .        (body armour unavailable)
rPois   .            (helmet currently unavailable)
rElec   .            (cloak currently unavailable)
rCorr   .            (gloves currently unavailable)
SInv    .            (boots currently unavailable)
Will    .....        (no amulet) Stlth
                     (no ring)
HPRegen 0.31/turn    (no ring)
MPRegen 0.09/turn

%: no passive effects
@: berserking, beast-form, very quick
A: beast (slay +2), AC +5, unfitting armour, cold-blooded
a: Begin Untransformation


You were on level 3 of the Dungeon.
You were a hulking beast.
You visited 1 branch of the dungeon, and saw 3 of its levels.

You collected 125 gold pieces.

Inventory:

Talismans
 b - a beast talisman (active)
 c - a flux talisman
 h - a maw talisman
Wands
 a - a wand of charming (5)
Scrolls
 d - a scroll of teleportation {unknown}
 e - a scroll of vulnerability {unknown}
 g - a scroll of identify {unknown}
 i - a scroll of fear {unknown}
 j - a scroll of enchant armour {unknown}
 k - a scroll of noise {unknown}
 l - a scroll of fog {unknown}
 o - a scroll of butterflies {unknown}
Potions
 n - a potion of heal wounds {unknown}


   Skills:
 + Level 2.9 Fighting
 + Level 2.8 Dodging
 * Level 4.7 Unarmed Combat
 + Level 3.7 Shapeshifting


You had 4 spell levels left.
You didn't know any spells.
Your spell library contained the following spells:

 Spells                   Type           Power      Damage    Failure   Level
 Ensorcelled Hibernation  Hex/Ice        0%         N/A       50%         2
 Jinxbite                 Hex            0%         N/A       50%         2
 Anguish                  Hex/Necr       0%         N/A       98%         4


Dungeon Overview and Level Annotations

Branches:
Dungeon (3/15)

Altars:
Makhleb
Wu Jian

Annotations:
D:3 Grinder


Innate Abilities, Weirdness & Mutations

You are a hulking beast.
Your limbs bulge with bestial killing power. (Slay +2)
Your plain brown scales are hard. (AC +5)
You cannot fit into any form of body armour.
You are cold-blooded and may be slowed by cold attacks.


Message History

Grinder is lightly wounded.
You closely miss Grinder.
Your tail-slap misses Grinder.
Grinder is lightly wounded.
Grinder closely misses you.
You hit Grinder.
Your tail-slap misses Grinder.
Grinder is moderately wounded.
Grinder hits you but does no damage.
You hit Grinder.
Grinder is moderately wounded.
Grinder hits you.
You barely miss Grinder.
Grinder is moderately wounded.
Grinder hits you.
* * * LOW HITPOINT WARNING * * *
You writhe in agony.
* * * LOW HITPOINT WARNING * * *
You punch Grinder!
Grinder is heavily wounded.
Grinder hits you but does no damage.
You hit Grinder. You punch Grinder.
Grinder is severely wounded.
Grinder gestures at you. You resist with significant effort.
You hit Grinder.
Your tail-slap misses Grinder.
Grinder is almost dead.
Grinder hits you.
* * * LOW HITPOINT WARNING * * *
You writhe in agony.
* * * LOW HITPOINT WARNING * * *
It was a potion of curing.
You feel better. Grinder gestures at you. Pain shoots through your body!
* * * LOW HITPOINT WARNING * * *
It was a potion of berserk rage.
A red film seems to cover your vision as you go berserk!
You feel yourself moving faster!
You feel mighty!
Grinder says, "DUCK!"
Grinder hits you!
You die...
Grinder says, "Now the real fun starts!"

.#.....### #.#####.####
.#.......###
#.....#.#####
.....)##...######
#.....'......
##....####......#
##....#.####.
#....####......# #....#.#
#. ##.###.........#
#....#.####. #.#
#.........## #....#....#.
#.###........5.##
#....####.##
#...####......h.#########
#[## #####.#
########.....# #.##
.รท....# #####.# #...
###.### ... #### #.#
##... # ### #### # # #
### #


You could see Grinder.

Vanquished Creatures
  Terence (D:3)
  Ijyb (D:3)
  Natasha (twice) (D:3)
  An orc wizard (D:3)
  2 adders (D:2)
  2 dart slugs
  9 orcs
  4 ball pythons
  8 bats
  9 endoplasms
  2 giant cockroaches
  3 goblins (D:1)
  5 hobgoblins
  3 jackals (D:3)
  2 quokkas (D:2)
  4 frilled lizards
  4 kobolds
  10 rats
72 creatures vanquished.

Notes
Turn   | Place    | Note
-------+----------+-------------------------------------------
     0 | D:1      | mortress the Draconian Shapeshifter began the quest for the
                  | Orb.
     0 | D:1      | Reached XP level 1. HP: 16/16 MP: 1/1
   206 | D:1      | Reached XP level 2. HP: 23/23 MP: 2/2
   258 | D:1      | Found a faded altar of an unknown god.
   659 | D:1      | Reached XP level 3. HP: 29/29 MP: 3/3
   856 | D:2      | Found an ornate altar of the Wu Jian Council.
  1229 | D:2      | Reached XP level 4. HP: 21/36 MP: 4/4
  1596 | D:3      | Noticed Natasha
  1623 | D:3      | Killed Natasha
  1624 | D:3      | Reached skill level 4 in Unarmed Combat
  2006 | D:3      | Noticed Ijyb
  2050 | D:3      | Killed Ijyb
  2051 | D:3      | Reached XP level 5. HP: 33/42 MP: 5/5
  2162 | D:3      | Found a burning altar of Makhleb.
  2232 | D:3      | Noticed Terence
  2252 | D:3      | Killed Terence
  2515 | D:3      | Noticed Natasha
  2528 | D:3      | Killed Natasha
  2606 | D:3      | Noticed Grinder
  2629 | D:3      | HP: 2/44 [Grinder (2)]
  2631 | D:3      | Slain by Grinder

Illustrated notes

Levels and vault maps discovered:
D:1:      minmay_arrival_wavy_path, layout_loops_ring,
          hellmonk_ecumenical_altar_pennies_from_heaven,
          wander_ebering_terrifying_dragon_lair
D:2:      layout_loops_ring, basic_altar, kennysheep_nondescript,
          corexii_hall_statues_l, minmay_indecisive_spiral
D:3:      kennysheep_big_flooded_room, layout_basic,
          mainiacjoe_overflow_concentric_impassable, uniq_terence, uniq_ijyb,
          uniq_natasha, uniq_grinder

Skill      XL: |  1  2  3  4 |
---------------+-------------+-----
Dodging        | 2 |  2.8
Fighting       | 2 |  2.9
Unarmed Combat | 4 |  4.7
Shapeshifting  | |  3.7

Action                     |  1- 3 |  4- 6 || total
---------------------------+-------+-------++-------
  Melee: Unarmed           |    84 |   133 ||   217
         Tailslap          |    11 |    13 ||    24
         Punch             |       |     4 ||     4
    Use: Potion            |       |     3 ||     3
   Stab: Sleeping          |       |     1 ||     1
 Armour: Skin              |    36 |    76 ||   112
  Dodge: Dodged            |    55 |    63 ||   118

Table legend: (Time is in decaauts)
 A = Elapsed time spent in this place.
 B = Non-inter-level travel time spent in this place.
 C = Inter-level travel time spent in this place.
 D = Time resting spent in this place.
 E = Time spent auto-exploring this place.
 F = Levels seen in this place.
 G = Mean time per level.
                   A        B        C        D        E       F      G
               +--------+--------+--------+--------+--------+-----+--------+
         Total |   2632 |   2591 |     41 |    279 |   1715 |   3 |  877.3 |
       Dungeon |   2632 |   2591 |     41 |    279 |   1715 |   3 |  877.3 |
               +--------+--------+--------+--------+--------+-----+--------+

Top non-repeatable levels by time:
     D:3: 1053 daAuts
     D:1: 830 daAuts
     D:2: 749 daAuts
